 Dungeon Crawl Stone Soup version 0.18.1-8-gdd0e5ea (webtiles) character file.

120 SRanger the Skirmisher (level 4, 0/35 HPs)
             Began as a Demonspawn Fighter on May 27, 2016.
             Succumbed to a worker ant's poison
             ... on level 3 of the Dungeon.
             The game lasted 00:05:14 (1596 turns).

SRanger the Skirmisher (Demonspawn Fighter)         Turns: 1596, Time: 00:05:14

Health: 0/35       AC:  8    Str: 22    XL:     4   Next: 75%
Magic:  4/4        EV:  8    Int: 10    God:
Gold:   112        SH:  9    Dex: 12    Spells: 0 memorised, 3 levels left

rFire  + . .     SeeInvis .     a - +0 flail
rCold  x . .     Gourm    .     b - +0 scale mail
rNeg   . . .     Faith    .     c - +0 shield
rPois  .         Spirit   .     (no helmet)
rElec  .         Dismiss  .     k - +0 cloak
rCorr  .         Reflect  .     (no gloves)
SustAt .         Harm     .     (no boots)
MR     .....                    (no amulet)
Stlth  ..........               (no ring)
                                o - ring of fire

@: mighty, lethally poisoned (0 -> -2), very slightly contaminated, hasted, very
quick, not resistant to hostile enchantments, extremely unstealthy
A: powered by death 1
a: no special abilities


You were on level 3 of the Dungeon.
You were not hungry.

You visited 1 branch of the dungeon, and saw 3 of its levels.

You collected 112 gold pieces.

Inventory:

Hand Weapons
 a - a +0 flail (weapon)
Armour
 b - a +0 scale mail (worn)
 c - a +0 shield (worn)
 k - a +0 cloak (worn)
Jewellery
 o - a ring of fire (left hand)
 q - an uncursed amulet of dismissal
Scrolls
 e - a scroll of immolation {unknown}
 i - a scroll of random uselessness {unknown}
 j - a scroll of blinking {unknown}
 m - a scroll of enchant weapon {unknown}
 n - 5 scrolls of identify {unknown}
 s - 2 scrolls of remove curse {unknown}
Potions
 l - 2 potions of haste
 p - 2 potions of curing {unknown}
 t - a potion of cancellation {unknown}
 u - a potion of berserk rage {unknown}
Comestibles
 f - a bread ration
 g - 10 chunks of flesh
 h - a meat ration
 r - a beef jerky


   Skills:
 + Level 3.4 Fighting
 + Level 2.8 Maces & Flails
 + Level 3.3 Armour
 + Level 1.1 Dodging
 + Level 3.4 Shields


You had 3 spell levels left.
You didn't know any spells.

Dungeon Overview and Level Annotations

Branches:
Dungeon (3/15)

Altars:
Ashenzari

Annotations:
D:3 kqf521's ghost, amateur MiFi


Innate Abilities, Weirdness & Mutations

You regenerate a little health from kills.


Message History

Kqf521's ghost is lightly damaged.
Kqf521's ghost hits you but does no damage.
Kqf521's ghost hits you.
You hit kqf521's ghost but do no damage.
Kqf521's ghost is lightly damaged.
You feel less regenerative.
You feel sick. Kqf521's ghost hits you!
You barely miss kqf521's ghost.
Kqf521's ghost is lightly damaged.
Kqf521's ghost hits you!
* * * LOW HITPOINT WARNING * * *
Drink which item? (? for menu, Esc to quit)
It was a potion of haste.
You feel yourself speed up. Kqf521's ghost hits you.
* * * LOW HITPOINT WARNING * * *
You are very lightly contaminated with residual magic.
Drink which item? (? for menu, Esc to quit)
You feel very mighty all of a sudden. Kqf521's ghost hits you.
* * * LOW HITPOINT WARNING * * *
You die...

##...##...#.# #.
##########.####....
#......# .. #..#####
####.#
#...)..#######.....#
#...###).....>.......
#.### #W#...#........
#.. ##.###.#........
#.# #@.# #.W........
#. #.## ###........
#. #.# #........ ..#
#....%... #.##
##....... .. #.....#
##. ..#### #. ...
....


You could see kqf521's ghost.

Vanquished Creatures
  A worker ant (D:3)
  3 adders (D:2)
  An ooze (D:1)
  A dart slug (D:1)
  3 giant geckos
  3 orcs (D:3)
  6 bats
  A giant cockroach (D:1)
  10 goblins
  9 hobgoblins
  A jackal (D:1)
  2 quokkas (D:2)
  3 giant newts
  5 kobolds
  8 rats
57 creatures vanquished.

Notes
Turn   | Place    | Note
--------------------------------------------------------------
     0 | D:1      | SRanger the Demonspawn Fighter began the quest for the Orb.
     0 | D:1      | Reached XP level 1. HP: 18/18 MP: 1/1
   138 | D:1      | Gained mutation: You regenerate a little health from kills. [demonic ancestry]
   138 | D:1      | Reached XP level 2. HP: 24/24 MP: 2/2
   609 | D:1      | Reached XP level 3. HP: 28/29 MP: 3/3
   930 | D:2      | Found a shattered altar of Ashenzari.
  1239 | D:2      | Reached XP level 4. HP: 35/35 MP: 4/4
  1478 | D:3      | Reached skill level 1 in Dodging
  1567 | D:3      | Noticed kqf521's ghost (amateur MiFi)
  1595 | D:3      | HP: 1/35 [kqf521's ghost (1)]
  1596 | D:3      | Succumbed to a worker ant's poison

Skill      XL: |  1  2  3  4 |
---------------+-------------+-----
Maces & Flails | 2 |  2.8
Shields        | 3 |  3.4
Armour         | 3 |  3.3
Dodging        | 1 |  1.1
Fighting       | |  3.4

Action                   |  1- 3 |  4- 6 || total
-------------------------+-------+-------++-------
Melee: Flail             |   134 |    68 ||   202
  Use: Potion            |       |     2 ||     2
  Eat: Chunk             |     1 |     2 ||     3
Armor: Scale mail        |    63 |    34 ||    97
Dodge: Dodged            |    36 |    34 ||    70
Block: Shield            |    74 |    40 ||   114
